 Dungeon Crawl Stone Soup version 0.25-a0-1024-gbfbf38f2cb (webtiles) character file.

Game seed: 17921170924980897945, levelgen mode: deterministic

18 Flugslaktarn the Skirmisher (level 2, -5/42 HPs)
             Began as a Naga Fighter on May 12, 2020.
             Slain by Sigmund
             ... wielding a +7 scythe of freezing
              (9 damage)
             ... on level 2 of the Dungeon.
             The game lasted 00:00:30 (722 turns).

Flugslaktarn the Skirmisher (Naga Fighter)           Turns: 722, Time: 00:00:31

Health: -5/42      AC: 21    Str: 18    XL:     2   Next: 66%
Magic:  2/2        EV:  1    Int:  8    God:
Gold:   84         SH:  8    Dex: 10    Spells: 1/1 levels left

rFire    . . .     SeeInvis +   (no weapon)
rCold    . . .     Gourm    .   c - +0 kite shield
rNeg     + + +     Faith    .   (armour currently unavailable)
rPois    +         Spirit   .   (helmet currently unavailable)
rElec    .         Reflect  .   (cloak currently unavailable)
rCorr    .         Harm     .   (gloves currently unavailable)
MR       .....     NoTele   +   (no barding)
Stlth    +.........             (no amulet)
HPRegen  0.14/turn              (no ring)
MPRegen  0.08/turn              (no ring)

@: tree-form
A: large, see invisible, slow metabolism 1, spit poison 1, AC +0
a: Spit Poison


You were on level 2 of the Dungeon.
You were not hungry.
You were a tree.
You visited 1 branch of the dungeon, and saw 2 of its levels.

You collected 84 gold pieces.

Inventory:

Hand Weapons
 a - a +0 war axe
Armour
 b - a +0 scale mail (melded)
 c - a +0 kite shield (worn)
Scrolls
 f - 3 scrolls of enchant armour {unknown}
 j - a scroll of random uselessness {unknown}
 k - a scroll of identify {unknown}
 l - a scroll of fear {unknown}
 n - a scroll of magic mapping {unknown}
 o - a scroll of remove curse {unknown}
Potions
 d - a potion of might
 m - a potion of mutation {unknown}
Comestibles
 e - 4 rations
 g - 9 chunks of flesh


   Skills:
 + Level 3.1 Fighting
 * Level 2.5 Axes
 + Level 2.5 Armour
 + Level 2.5 Shields


You had one spell level left.
You didn't know any spells.
Your spell library was empty.

Dungeon Overview and Level Annotations

Branches:
Dungeon (2/15)

Altars:

Annotations:
D:2 Sigmund


Innate Abilities, Weirdness & Mutations

You cannot wear boots.
((Your serpentine skin is tough. (AC +0)))
You have supernaturally acute eyesight. (SInv)
((Armour fits poorly on your strangely shaped body.))
((Your system is resistant to poisons. (rPois)))
((You cover ground very slowly.))
You have a slow metabolism.
You can spit poison.


Message History

Your roots penetrate the ground.
You block Sigmund's attack.
You are already wielding that!
You closely miss Sigmund. Sigmund hits you but does no damage.
Unknown command.
Okay, then.
You are now empty-handed.
You closely miss Sigmund.
Sigmund hits you with a +7 scythe of freezing!
* * * LOW HITPOINT WARNING * * *
Sigmund freezes you.
* * * LOW HITPOINT WARNING * * *
You hit Sigmund.
Sigmund is lightly wounded.
You block Sigmund's attack.
You smack Sigmund!
Sigmund is moderately wounded.
You smack Sigmund!
Sigmund is severely wounded.
Sigmund hits you with a +7 scythe of freezing!
You die...

#....
#.#.##
#.#..#
#<#..# #
#.#..###..#
#.........#
###..####.
#######..#
.......♣.#
####.###@#
# .# .. .#.
$... .# ##
..


You could see Sigmund (invisible).

Vanquished Creatures
  5 bats (D:1)
  A goblin (D:1)
  2 hobgoblins (D:1)
  3 jackals (D:1)
  A ball python (D:1)
  6 rats (D:1)
18 creatures vanquished.

Notes
Turn   | Place    | Note
-------+----------+-------------------------------------------
     0 | D:1      | Flugslaktarn the Naga Fighter began the quest for the Orb.
     0 | D:1      | Reached XP level 1. HP: 21/21 MP: 1/1
   165 | D:1      | Reached XP level 2. HP: 27/28 MP: 2/2
   707 | D:2      | Noticed Sigmund
   722 | D:2      | Slain by Sigmund

Illustrated notes

Levels and vault maps discovered:
D:1:      giann_bridges, layout_loops_ring, hex_medium
D:2:      layout_loops_ring, minmay_goblin_outpost, uniq_crazy_yiuf_cottage,
          uniq_sigmund

Action                   || total
-------------------------++-------
Melee: War axe           ||    48
       Unarmed           ||     4
  Use: Potion            ||     2
Armor: Scale mail        ||    21
       Skin              ||     1
Dodge: Dodged            ||    17
Block: Kite shield       ||    26

Table legend:
 A = Non-vault XP
 B = Vault XP
 C = Vault XP percentage of total XP
 D = Non-vault monster count
 E = Vault monster count
 F = Vault count percentage of total count
                 A         B        C        D         E       F
            +---------+---------+-------+---------+---------+-------
      Total |      26 |       0 |   0.0 |      18 |       0 |   0.0
            +---------+---------+-------+---------+---------+-------
        D:1 |      26 |       0 |   0.0 |      18 |       0 |   0.0
            +---------+---------+-------+---------+---------+-------
